 Dungeon Crawl Stone Soup version 0.29.1-12-g30fa7ad0bf (webtiles) character file.

Game seed: 23709832691253131

93 MisterFreud the Twirler (level 4, -1/49 HPs)
             Began as a Formicid Gladiator on Dec 13, 2022.
             Slain by an iguana (3 damage)
             ... on level 3 of the Dungeon.
             The game lasted 00:02:13 (2267 turns).

MisterFreud the Twirler (Formicid Gladiator)        Turns: 2267, Time: 00:02:13

Health: -1/49      AC: 22    Str: 21    XL:     4   Next: 92%
Magic:  4/4        EV:  2    Int:  7    God:
Gold:   154        SH:  0    Dex: 15    Spells: 3/3 levels left

rFire   . . .      SeeInvis .   a - +0 quarterstaff
rCold   . . .      Faith    .   (no shield)
rNeg    . . .      Spirit   .   (body armour currently unavailable)
rPois   +          Reflect  .   (helmet unavailable)
rElec   .          Harm     .   (cloak currently unavailable)
rCorr   .          Rampage  .   (gloves currently unavailable)
Will    .....                   (boots currently unavailable)
Stlth   +.........              (no amulet)
HPRegen 0.16/turn               (no ring)
MPRegen 0.09/turn               (no ring)

@: mighty, lethally poisoned (-1 -> -3), tree-form
A: stationary, stasis, torment immunity, boosted hp, permanent stasis, dig
shafts and tunnels, (antennae 3), four strong arms
a: no special abilities


You were on level 3 of the Dungeon.
You were a tree.
You visited 1 branch of the dungeon, and saw 3 of its levels.

You collected 154 gold pieces.

Inventory:

Hand Weapons
 a - a +0 quarterstaff (weapon)
Missiles
 c - 2 throwing nets (quivered)
 d - a javelin
 e - 10 poisoned darts
Armour
 b - a +1 leather armour (melded)
Jewellery
 f - an amulet of guardian spirit
Scrolls
 m - a scroll of enchant weapon {unknown}
Potions
 g - a potion of brilliance
 j - 2 potions of flight
 l - a potion of mutation {unknown}


   Skills:
 - Level 2.1 Fighting
 + Level 5.2 Staves
 - Level 2.0 Throwing
 - Level 2.6 Dodging


You had 3 spell levels left.
You didn't know any spells.
Your spell library contained the following spells:

 Spells                   Type           Power      Damage    Failure   Level
 Gell's Gravitas          Tloc           0%         N/A       80%         3
 Lesser Beckoning         Tloc           0%         N/A       80%         3
 Teleport Other           Tloc           0%         N/A       80%         3
 Animate Dead             Necr           0%         N/A       99%         4
 Borgnjor's Vile Clutch   Necr/Erth      0%         N/A       100%        5
 Death Channel            Necr           0%         N/A       100%        6


Dungeon Overview and Level Annotations

Branches:
Dungeon (3/15)

Altars:
Cheibriados
Xom


Innate Abilities, Weirdness & Mutations

You are a tree.
Your roots penetrate the ground, keeping you stationary.
You cannot be teleported.
You are immune to unholy pain and torment.
Your maximum health is greatly increased.
Your equipment is partially melded.
You cannot be hasted, slowed, berserked, paralysed or teleported.
You can dig through walls and to a lower floor.
((You have a pair of large antennae on your head. (SInv)))
Your four strong arms can wield two-handed weapons with a shield.


Message History

The adder bites you but does no damage.
You sock the iguana!
The iguana is severely wounded.
The adder barely misses you. The iguana bites you!
The adder bites you but does no damage. The iguana misses you.
The adder attacks as you move away! The adder misses you.
You barely miss the iguana.
The iguana is severely wounded.
The adder bites you but does no damage. The iguana closely misses you.
You hit the iguana but do no damage.
The iguana is severely wounded.
The adder closely misses you. The iguana bites you.
The adder closely misses you. The adder bites you but does no damage.
The iguana bites you.
You are too injured to fight recklessly!
The iguana bites you but does no damage.
The iguana bites you!
* * * LOW HITPOINT WARNING * * *
You feel much better. The adder bites you but does no damage.
The adder bites you.
You are poisoned.
The adder poisons you!
The iguana bites you but does no damage.
The iguana attacks as you move away! The iguana bites you!
* * * LOW HITPOINT WARNING * * *
A ball python comes into view.
* * * LOW HITPOINT WARNING * * *
You feel sick.
It was a potion of lignification.
You turn into a tree.
Your +1 leather armour melds into your body.
Your roots penetrate the ground.
You feel sick.
The ball python hisses angrily.
The adder bites you but does no damage. The iguana bites you.
* * * LOW HITPOINT WARNING * * *
It was a potion of might.
You feel very mighty all of a sudden.
* * * LOW HITPOINT WARNING * * *
You feel sick.
The adder bites you but does no damage. x2
The iguana bites you.
You die...

####.########.#.#.##
.....# ##...# ######
##.##### ##.†...#
#...?..# #......#
#......#
######.Sl..##
...S...♣....#
.#####..###.# #..#
... #..# .### #...
.# #.#. ## #. . ..
.#


You could see an iguana, an adder and a ball python.

Vanquished Creatures
  4 adders (D:2)
  A worm (D:2)
  4 bats
  5 endoplasms
  2 giant cockroaches
  5 goblins
  6 hobgoblins
  3 jackals (D:1)
  3 quokkas
  4 ball pythons
  2 frilled lizards
  6 kobolds
  5 rats
50 creatures vanquished.

Notes
Turn   | Place    | Note
-------+----------+-------------------------------------------
     0 | D:1      | MisterFreud the Formicid Gladiator began the quest for the
                  | Orb.
     0 | D:1      | Reached XP level 1. HP: 16/16 MP: 1/1
   262 | D:1      | Reached XP level 2. HP: 22/22 MP: 2/2
   547 | D:1      | Reached skill level 4 in Staves
   547 | D:1      | Reached XP level 3. HP: 20/27 MP: 3/3
  1036 | D:2      | Found a shimmering altar of Xom.
  1375 | D:2      | Reached XP level 4. HP: 21/33 MP: 4/4
  1866 | D:2      | Reached skill level 5 in Staves
  2115 | D:3      | Found a snail-covered altar of Cheibriados.
  2263 | D:3      | HP: 1/33 [iguana (11)]
  2267 | D:3      | Slain by an iguana

Illustrated notes

Levels and vault maps discovered:
D:1:      dpeg_arrival_tiny_c, layout_loops_ring, serial_glass, glass_columns_b,
          glass_columns_c, minmay_strange_pillars, item_on_display_a,
          glass_columns_a
D:2:      layout_basic, basic_altar
D:3:      layout_loops_ring, cheibriados_altar_1

Skill      XL: |  1  2  3  4 |
---------------+-------------+-----
Staves         | 4 5 |  5.2
Fighting       | |  2.1
Throwing       | |  2.0
Dodging        | |  2.6

Action                   |  1- 3 |  4- 6 || total
-------------------------+-------+-------++-------
Melee: Quarterstaff      |    97 |    62 ||   159
Throw: Throwing net      |     1 |       ||     1
  Use: Scroll            |     7 |       ||     7
       Potion            |       |     3 ||     3
Armor: Leather armour    |    41 |    27 ||    68
       Skin              |       |     3 ||     3
Dodge: Dodged            |    66 |    45 ||   111
